 Dungeon Crawl Stone Soup version 0.25.1-9-gc5326a611f (webtiles) character file.

Game seed: 11849597800080319050

10212 Mattiprrivan the Basher (level 11, -4/107 HPs)
             Began as an Ogre Gladiator on Dec 31, 2020.
             Was an Elder of the Shining One.
             Slain by a black mamba (11 damage)
             ... on level 2 of the Lair of Beasts.
             The game lasted 01:44:14 (10862 turns).

Mattiprrivan the Basher (Ogre Gladiator)           Turns: 10862, Time: 01:44:14

Health: -4/107     AC:  7    Str: 23    XL:     11   Next: 58%
Magic:  0/17       EV: 10    Int:  9    God:    the Shining One [****..]
Gold:   268        SH: 16    Dex: 12    Spells: 11/19 levels left

rFire    + + .     SeeInvis .   A - +10 flail of Fedhas's Envy {flame, MR+}
rCold    + + .     Gourm    .   B - +0 kite shield
rNeg     + + .     Faith    .   a - +1 steam dragon scales
rPois    .         Spirit   +   c - +0 hat
rElec    .         Reflect  .   x - scarf {rC+ rF+}
rCorr    .         Harm     .   (gloves unavailable)
MR       ++...                  (boots unavailable)
Stlth    +.........             q - amulet of guardian spirit
HPRegen  0.27/turn              e - ring of protection from fire
MPRegen  0.15/turn              f - ring of protection from cold

@: lethally poisoned (-4 -> -13), divine shield, about to teleport, glowing
A: large, unfitting armour, antennae 1, strong 1, tough skin 1
a: Divine Shield, Cleansing Flame, Renounce Religion


You were on level 2 of the Lair of Beasts.
You worshipped the Shining One.
The Shining One was greatly pleased with you.
You were full.

You visited 2 branches of the dungeon, and saw 11 of its levels.

You collected 565 gold pieces.
You spent 297 gold pieces at shops.

Inventory:

Hand Weapons
 d - a +0 broad axe
 j - a +1 vorpal flail
 y - a +0 giant spiked club
 A - the +10 flail of Fedhas's Envy (weapon) {flame, MR+}
   (You bought it in a shop on level 7 of the Dungeon)

   It has been specially enchanted to burn those struck by it, causing extra
   injury to most foes and up to half again as much damage against particularly
   susceptible opponents.
   It affects your resistance to hostile enchantments.
Missiles
 i - 65 poisoned darts
 l - 8 atropa-tipped darts
 t - 4 silver javelins
 C - 2 curare-tipped darts (quivered)
Armour
 a - +1 steam dragon scales (worn)
 c - a +0 hat (worn)
 x - a scarf of resistance (worn)
 B - a +0 kite shield (worn)
Jewellery
 e - a ring of protection from fire (left hand)
 f - a ring of protection from cold (right hand)
 q - an amulet of guardian spirit (around neck)
 z - an uncursed ring of resist corrosion
Wands
 g - a wand of flame (19)
 u - a wand of paralysis (8)
Scrolls
 m - a scroll of fog
 n - 2 scrolls of teleportation
 r - 3 scrolls of blinking
 s - 3 scrolls of identify
 v - 2 scrolls of remove curse
 w - a scroll of immolation
Potions
 h - 2 potions of curing
 k - 4 potions of ambrosia
Comestibles
 p - 7 rations


   Skills:
 * Level 6.7 Fighting
 * Level 4.1(7.3) Axes
 * Level 8.6(9.0) Maces & Flails
 * Level 7.6 Throwing
 * Level 2.3 Armour
 * Level 5.1 Dodging
 - Level 0.4 Stealth
 * Level 2.2 Shields
 * Level 4.5 Spellcasting
 * Level 3.7 Transmutations
 * Level 2.7 Ice Magic
 * Level 3.6 Poison Magic
 * Level 4.5 Invocations
 * Level 3.4 Evocations


You had 11 spell levels left.
You knew the following spells:

 Your Spells              Type           Power        Failure   Level  Hunger
a - Beastly Appendage     Tmut           #.....       24%         1    #......
b - Spider Form           Tmut/Pois      #.........   56%         3    ###....
c - Ice Form              Ice/Tmut       #.......     96%         4    #####..

Your spell library contained the following spells:

 Spells                   Type           Power        Failure   Level  Hunger
 Sticks to Snakes         Tmut           #.......     34%         2    ##.....
 Blade Hands              Tmut           #.........   100%        5    ######.


Dungeon Overview and Level Annotations

Branches:
Dungeon (9/15)             Temple (0/1) D:6            Lair (2/6) D:9
  Snake (0/4) Lair:2
  Swamp: Lair:2-4    Shoals: Lair:2-4       Orc: D:9-12

Altars:
Ashenzari
Dithmenos
Elyvilon
Makhleb
Qazlal
Ru
Sif Muna
Uskayaw
Yredelemnul
The Shining One

Shops:
D:7 (

Annotations:
Lair:2 Sonja


Innate Abilities, Weirdness & Mutations

You are too large for most types of armour.
You have tough skin. (AC +1)
You have a pair of small antennae on your head.
Your muscles are strong. (Str +2)


Message History

You feel strangely unstable.
Found a stone staircase leading up.
Your surroundings suddenly seem different.
A black mamba comes into view.
The black mamba hisses angrily.
You hear an angry hiss.
Found a ring mail.
Found a staircase to the Snake Pit.
As you read the scroll of teleportation, it crumbles to dust.
You feel strangely unstable.
An adder comes into view.
You sock the black mamba! You burn the black mamba.
The black mamba is heavily wounded.
You block the black mamba's attack. The black mamba bites you!
The Shining One protects you from harm!
You are lethally poisoned!
The black mamba poisons you!
You thump the black mamba! You burn the black mamba.
The black mamba is almost dead.
* * * LOW HITPOINT WARNING * * *
You feel sick. The black mamba bites you!
You die...

[.#P....)##....#.......##.#+##..
# ##.....###.##........##...#...
#####.......####.................
.................................
........##......P#.###.##.†......
........# ####...## ##..........
........## #P.#. #...........
.........# #...## #...#..†.....
.##..##.## #..@P#....####P.####
#.#.##### ##.SP##..# #....#
.......# #.S.##.. ###...##
........... ...####.P#......#
.....#..... ..... .......<.#
.....####.. .P..P> ..##.P..÷#
.....# ####P... # ##.#..# #..P.#
#[.... ##...P #.....# ###...


You could see a black mamba and an adder.

Vanquished Creatures
  A hydra (Lair:1)
  2 black mambas (Lair:2)
  The ghost of Abzac the Cleaver, a novice HOFi of Beogh (D:5)
  4 spiny frogs
  A komodo dragon (D:9)
  3 hippogriffs
  5 blink frogs
  2 wyverns (D:9)
  Sigmund (D:2)
  3 yaks (Lair:1)
  2 steam dragons (D:6)
  8 water moccasins
  A porcupine (Lair:1)
  A swamp drake (D:9)
  An orc warrior (D:8)
  3 sky beasts
  A black bear (D:6)
  A phantom (D:7)
  5 ogres
  2 eyes of draining
  A centaur (D:9)
  2 crocodiles
  3 bullfrogs
  A gnoll sergeant (D:9)
  A wyvern zombie (D:6)
  3 scorpions
  4 wights (D:9)
  3 howler monkeys
  A bullfrog zombie (D:7)
  3 crimson imps
  A quasit (D:5)
  Crazy Yiuf (D:7)
  6 hounds
  An orc priest (D:6)
  An iguana (D:5)
  3 jellies
  2 bullfrog skeletons
  4 orc wizards
  Natasha (thrice) (D:2)
  11 worker ants
  A worker ant zombie (D:6)
  7 gnolls
  A howler monkey skeleton (D:6)
  18 adders
  A river rat (D:5)
  A shadow imp (D:5)
  2 oozes
  2 adder zombies
  2 adder skeletons
  3 worms
  2 dart slugs
  4 leopard geckos
  11 orcs
  10 giant cockroaches
  7 goblins
  10 hobgoblins
  9 jackals
  A quokka (D:9)
  6 ball pythons
  5 bats
  11 frilled lizards
  A jackal zombie (D:8)
  8 kobolds
  6 rats
232 creatures vanquished.

Vanquished Creatures (others)
  3 fungi
3 creatures vanquished.

Grand Total: 235 creatures vanquished

Notes
Turn   | Place    | Note
-------+----------+-------------------------------------------
     0 | D:1      | Mattiprrivan the Ogre Gladiator began the quest for the
                  | Orb.
     0 | D:1      | Reached XP level 1. HP: 22/22 MP: 1/1
   288 | D:1      | Reached XP level 2. HP: 28/29 MP: 2/2
   492 | D:1      | Reached skill level 3 in Maces & Flails
   514 | D:1      | Found a glowing golden altar of the Shining One.
   890 | D:1      | Became a worshipper of the Shining One
  1064 | D:2      | Reached XP level 3. HP: 36/36 MP: 3/3
  1219 | D:2      | Noticed Sigmund
  1237 | D:2      | Killed Sigmund
  1237 | D:2      | Reached skill level 4 in Maces & Flails
  1237 | D:2      | Reached XP level 4. HP: 30/46 MP: 4/4
  1237 | D:2      | Reached XP level 5. HP: 34/53 MP: 5/5
  1563 | D:2      | Found a stormy altar of Qazlal.
  1716 | D:2      | Found a shadowy altar of Dithmenos.
  1721 | D:2      | Found a basalt altar of Yredelemnul.
  1779 | D:2      | Learned a level 1 spell: Beastly Appendage
  1783 | D:2      | Learned a level 3 spell: Spider Form
  1852 | D:2      | Noticed Natasha
  1865 | D:2      | Killed Natasha
  1865 | D:2      | Reached XP level 6. HP: 46/62 MP: 6/6
  2029 | D:2      | Noticed Natasha
  2036 | D:2      | Killed Natasha
  2081 | D:2      | Noticed Natasha
  2091 | D:2      | Killed Natasha
  3246 | D:4      | Reached skill level 5 in Maces & Flails
  3246 | D:4      | Reached skill level 1 in Invocations
  3246 | D:4      | Reached XP level 7. HP: 70/70 MP: 6/8
  3262 | D:4      | Reached skill level 1 in Spellcasting
  3270 | D:4      | Gained mutation: Your muscles are strong. (Str +2) [potion
                  | of mutation]
  3270 | D:4      | Gained mutation: You have a pair of small antennae on your
                  | head. [potion of mutation]
  3420 | D:4      | Reached * piety under the Shining One
  3426 | D:4      | Reached skill level 1 in Transmutations
  3426 | D:4      | Reached skill level 1 in Poison Magic
  3584 | D:4      | Found a shattered altar of Ashenzari.
  3717 | D:4      | Noticed a +0 hand axe
  3718 | D:4      | Noticed a +0 dagger
  3721 | D:4      | Found a hide-covered altar of Uskayaw.
  4030 | D:5      | Entered Level 5 of the Dungeon
  4039 | D:5      | Reached skill level 1 in Evocations
  4194 | D:5      | Reached XP level 8. HP: 79/79 MP: 10/10
  4228 | D:5      | Reached skill level 1 in Axes
  4289 | D:5      | Found a shimmering blue altar of Sif Muna.
  4431 | D:5      | Found a runed translucent door.
  4432 | D:5      | Noticed Abzac's ghost (novice HOFi)
  4447 | D:5      | Killed Abzac's ghost
  4447 | D:5      | Reached skill level 5 in Throwing
  4600 | D:5      | Found a runed translucent door.
  4708 | D:5      | Found a burning altar of Makhleb.
  4829 | D:6      | Reached ** piety under the Shining One
  4837 | D:6      | Reached skill level 6 in Maces & Flails
  4958 | D:6      | Reached XP level 9. HP: 84/87 MP: 10/12
  5020 | D:6      | Reached skill level 5 in Fighting
  5069 | D:6      | Learned a level 4 spell: Ice Form
  5514 | D:6      | Found a staircase to the Ecumenical Temple.
  5981 | D:7      | Found Yfaecy's Antique Weapon Shop.
  6003 | D:7      | Bought a steaming flail for 297 gold pieces
  6003 | D:7      | Identified the +10 flail of Fedhas's Envy {flame, MR+} (You
                  | bought it in a shop on level 7 of the Dungeon)
  6111 | D:7      | Reached skill level 7 in Maces & Flails
  6111 | D:7      | Reached skill level 1 in Ice Magic
  6493 | D:7      | Found a runed translucent door.
  6494 | D:7      | Noticed Crazy Yiuf
  6499 | D:7      | Killed Crazy Yiuf
  6808 | D:8      | Reached *** piety under the Shining One
  6906 | D:8      | Reached XP level 10. HP: 97/97 MP: 14/14
  6997 | D:8      | Found a white marble altar of Elyvilon.
  7022 | D:8      | Reached skill level 1 in Armour
  7913 | D:9      | Found a staircase to the Lair.
  8580 | D:9      | Found a sacrificial altar of Ru.
  8664 | Lair:1   | Entered Level 1 of the Lair of Beasts
  8664 | Lair:1   | Noticed a four-headed hydra
  8672 | D:9      | Reached skill level 1 in Shields
  8681 | Lair:1   | Killed a four-headed hydra
  8979 | Lair:1   | Reached skill level 8 in Maces & Flails
  9288 | Lair:1   | Noticed a spiny frog
  9288 | Lair:1   | Reached **** piety under the Shining One
  9297 | Lair:1   | Killed a spiny frog
  9297 | Lair:1   | Reached XP level 11. HP: 106/106 MP: 17/17
 10218 | Lair:2   | Noticed Sonja
 10331 | Lair:2   | Reached skill level 5 in Dodging
 10842 | Lair:2   | Noticed a six-headed hydra
 10859 | Lair:2   | Found a staircase to the Snake Pit.
 10861 | Lair:2   | The Shining One protects you from harm!
 10862 | Lair:2   | Slain by a black mamba

Illustrated notes

Levels and vault maps discovered:
D:1:      saegor_arrival_simple_b, layout_basic, tso_altar
D:2:      layout_loops_ring, nicolae_overflow_crystal_walls, minitemple,
          kennysheep_generic_room_4, uniq_sigmund, uniq_natasha
D:3:      layout_basic, first_ration
D:4:      layout_rooms, dancing_weapons_uskayaw, nicolae_ashenzari_panopticon
D:5:      layout_basic, kennysheep_mini, lemuel_blue_sif_altar,
          ebering_ghost_sewer_f
D:6:      kennysheep_steamy, layout_rooms, minmay_temple_entry_statues_fountains
D:7:      layout_cave_pools, serial_shops, shop_statue, uniq_crazy_yiuf_cottage
D:8:      layout_rooms, elyvilon_altar_3
D:9:      layout_roguey, nicolae_ru_the_path_less_chosen, erik_lair_dragon
Lair:1:   layout_layer_cave, nicolae_quartered_pool_medium
Lair:2:   layout_regular_city, minmay_shoals_entry_hut,
          minmay_snake_entry_six_corridors, portal_ice_cave_entry_ice_beasts,
          uniq_sonja

Skill      XL: |  1  2  3  4  5  6  7  8  9 10 11 |
---------------+----------------------------------+-----
Maces & Flails | 3 4 5 6 7 8 |  8.6
Dodging        | 3 4 5 |  5.1
Fighting       | 3 4 5 6 |  6.7
Throwing       | 3 4 5 6 7 |  7.6
Invocations    | 1 2 3 4 |  4.5
Spellcasting   | 1 2 3 4 |  4.5
Transmutations | 1 2 3 |  3.7
Poison Magic   | 1 2 3 |  3.6
Evocations     | 1 2 3 |  3.4
Axes           | 1 2 3 4 |  4.1
Ice Magic      | 1 2 |  2.7
Armour         | 1 2 |  2.3
Shields        | 1 2 |  2.2
Stealth        | |  0.4

Action                   |  1- 3 |  4- 6 |  7- 9 | 10-12 || total
-------------------------+-------+-------+-------+-------++-------
Melee: Flail             |    79 |   121 |   121 |   145 ||   466
       Giant club        |       |       |     7 |       ||     7
       Giant spiked club |       |       |    41 |       ||    41
       Kick              |       |       |       |     1 ||     1
Throw: Throwing net      |     4 |     1 |     1 |       ||     6
       Dart              |       |    68 |    93 |    73 ||   234
       Javelin           |       |       |    21 |       ||    21
 Cast: Beastly Appendage |       |       |       |     1 ||     1
Invok: Divine Shield     |       |       |       |     1 ||     1
Evoke: Wand              |       |       |    13 |    10 ||    23
  Use: Scroll            |     7 |     5 |    12 |     8 ||    32
       Potion            |       |     2 |     3 |     6 ||    11
 Stab: Sleeping          |     1 |       |       |       ||     1
  Eat: Ration            |     2 |     2 |     3 |     4 ||    11
Armor: Robe              |    21 |    42 |    41 |       ||   104
       Steam dragon scal |       |       |    16 |    29 ||    45
Dodge: Dodged            |    37 |    72 |   102 |    53 ||   264
Block: Kite shield       |       |       |       |    62 ||    62
